 Dungeon Crawl Stone Soup version 0.25-a0-2-g6559c6c67a (webtiles) character file.

Game seed: 10505346336373936726, levelgen mode: deterministic

171557 Chiseanne the Carver (level 18, -4/108 HPs)
             Began as a Kobold Hunter on Oct 14, 2019.
             Was a High Priest of Okawaru.
             Slain by a redback (10 damage)
             ... on level 4 of the Spider Nest.
             The game lasted 03:05:53 (25782 turns).

Chiseanne the Carver (Kobold Hunter)               Turns: 25782, Time: 03:05:53

Health: -4/108     AC: 24    Str: 17    XL:     18   Next: 35%
Magic:  25/25      EV: 15    Int: 11    God:    Okawaru [*****.]
Gold:   1423       SH: 13    Dex: 20    Spells: 17/17 levels left

rFire    . . .     SeeInvis +   a - +6 scimitar (protect)
rCold    . . .     Gourm    .   D - +1 shield {reflect} {Donald}
rNeg     . . .     Faith    .   n - +1 chain mail of Intuition {Regen+ Str+8 Int-2 SInv}
rPois    +         Spirit   .   r - +1 helmet {SInv}
rElec    .         Reflect  +   x - +2 cloak {rPois}
rCorr    .         Harm     .   H - +2 pair of gloves
MR       ++...                  b - +0 pair of boots of Cocytus {rPois MR+ Regen+ Str-3}
Stlth    ..........             q - amulet of rage
HPRegen  1.08/turn              p - +3 ring of evasion
MPRegen  0.19/turn              N - +3 ring of slaying

@: no status effects
A: small, carnivore
}: 1/15 runes: decaying
a: Heroism, Finesse, Renounce Religion, Evoke Berserk Rage


You were on level 4 of the Spider Nest.
You worshipped Okawaru.
Okawaru was extremely pleased with you.
You were completely stuffed.

You visited 6 branches of the dungeon, and saw 32 of its levels.
You also visited: Gauntlet.

You collected 2502 gold pieces.
You spent 1079 gold pieces at shops.

Inventory:

Hand Weapons
 a - a +6 scimitar of protection (weapon)
 s - a +5 short sword
 w - a +2 hand crossbow of flaming
Missiles
 d - 4 datura-tipped darts {god gift}
 e - 10 boomerangs (quivered)
 i - 26 atropa-tipped darts {god gift}
 k - 4 curare-tipped darts
 z - 182 sling bullets
 B - 14 silver boomerangs {god gift}
 K - 294 bolts
 S - 3 boomerangs of dispersal
Armour
 b - the +0 pair of boots of Cocytus (worn) {rPois MR+ Regen+ Str-3}
   (You found it in a Gauntlet)

   It affects your strength (-3).
   It protects you from poison.
   It affects your resistance to hostile enchantments.
   It increases your rate of regeneration.
 n - the +1 chain mail of Intuition (worn) {Regen+ Str+8 Int-2 SInv}
   (You took it off an orc on level 4 of the Dungeon)

   It affects your strength (+8).
   It affects your intelligence (-2).
   It lets you see invisible.
   It increases your rate of regeneration.
 o - the +8 chain mail "Otsep" {god gift, *Contam +Inv MR+ Str+2, unknown}
   (Okawaru gifted it to you on level 3 of the Spider Nest)

   It affects your strength (+2).
   It affects your resistance to hostile enchantments.
   It lets you turn invisible.
   It causes magical contamination when unequipped.
 r - a +1 helmet of see invisible (worn)
 x - a +2 cloak of poison resistance (worn)
 D - a +1 shield of reflection (worn) {Donald}
 H - a +2 pair of gloves (worn)
Jewellery
 j - an uncursed ring of positive energy
 m - a +3 ring of protection
 p - a +3 ring of evasion (left hand)
 q - an amulet of rage (around neck)
 N - a +3 ring of slaying (right hand)
 Q - an uncursed ring of fire
Wands
 A - a wand of digging (1)
 C - a wand of disintegration (10)
 L - a wand of paralysis (13)
 O - a wand of acid (24)
Scrolls
 l - a scroll of magic mapping
 t - 2 scrolls of immolation
 F - a scroll of fog
 G - 4 scrolls of remove curse
 P - 12 scrolls of identify
 T - 3 scrolls of amnesia
Potions
 c - 3 potions of haste
 g - a potion of berserk rage
 h - a potion of brilliance
 u - 8 potions of curing
 v - 2 potions of cancellation
 E - 2 potions of ambrosia
 I - 3 potions of mutation
 V - a potion of magic
 Z - a potion of flight
Miscellaneous
 W - a sack of spiders
 X - a phantom mirror
Comestibles
 f - 56 rations
 J - a chunk of flesh


   Skills:
 - Level 10.5 Fighting
 - Level 10.0(15.8) Short Blades
 * Level 13.4(13.9) Long Blades
 - Level 10.3 Crossbows
 - Level 12.9 Throwing
 - Level 11.0 Armour
 - Level 7.0 Dodging
 - Level 1.3 Stealth
 - Level 8.9 Shields
 - Level 10.3 Invocations
 - Level 5.0 Evocations


You had 17 spell levels left.
You didn't know any spells.
Your spell library contained the following spells:

 Spells                   Type           Power        Failure   Level  Hunger
 Animate Skeleton         Necr           N/A          100%        1    ##.....
 Confusing Touch          Hex            #.....       100%        1    ##.....
 Corona                   Hex            #......      100%        1    ##.....
 Pain                     Necr           #...         100%        1    ##.....
 Sandblast                Erth           #.....       100%        1    ##.....
 Corpse Rot               Necr           N/A          100%        2    ###....
 Passwall                 Tmut/Erth      #.......     100%        2    ###....
 Slow                     Hex            #.......     100%        2    ###....
 Sublimation of Blood     Necr           #.........   100%        2    ###....
 Confuse                  Hex            #.......     100%        3    ####...
 Gell's Gravitas          Tloc           #.........   100%        3    ####...
 Inner Flame              Hex/Fire       #.......     100%        3    ####...
 Portal Projectile        Hex/Tloc       #.....       100%        3    ####...
 Regeneration             Chrm/Necr      #.........   100%        3    ####...
 Stone Arrow              Conj/Erth      #.....       100%        3    ####...
 Tukima's Dance           Hex            #.......     100%        3    ####...
 Vampiric Draining        Necr           #.........   100%        3    ####...
 Animate Dead             Necr           N/A          100%        4    #####..
 Cause Fear               Hex            #.........   100%        4    #####..
 Leda's Liquefaction      Hex/Erth       #.........   100%        4    #####..
 Petrify                  Tmut/Erth      #.......     100%        4    #####..
 Agony                    Necr           #.......     100%        5    ######.
 Bolt of Draining         Conj/Necr      #.........   100%        5    ######.
 Bolt of Magma            Conj/Fire/Erth #.........   100%        5    ######.
 Dispel Undead            Necr           #.......     100%        5    ######.
 Excruciating Wounds      Chrm/Necr      #.........   100%        5    ######.
 Iskenderun's Battlesphe  Conj/Chrm      #.......     100%        5    ######.
 Lee's Rapid Deconstruct  Erth           #.........   100%        5    ######.
 Metabolic Englaciation   Hex/Ice        #.........   100%        5    ######.
 Silence                  Hex/Air        #.........   100%        5    ######.
 Venom Bolt               Conj/Pois      #.........   100%        5    ######.
 Yara's Violent Unravell  Hex/Tmut       #.........   100%        5    ######.
 Deflect Missiles         Chrm/Air       #.........   100%        6    #######
 Iron Shot                Conj/Erth      #.........   100%        6    #######
 Poison Arrow             Conj/Pois      #.........   100%        6    #######
 Orb of Destruction       Conj           #.........   100%        7    #######
 Spellforged Servitor     Conj/Summ      #.........   100%        7    #######
 Chain Lightning          Conj/Air       #.........   100%        8    #######
 Discord                  Hex            #.........   100%        8    #######
 Lehudib's Crystal Spear  Conj/Erth      #.........   100%        8    #######
 Fire Storm               Conj/Fire      #.........   100%        9    #######
 Glaciate                 Conj/Ice       #.........   100%        9    #######


Dungeon Overview and Level Annotations

Branches:
Dungeon (15/15)            Temple (1/1) D:6            Lair (6/6) D:8
  Swamp (4/4) Lair:3       Spider (4/4) Lair:2        Slime (0/5) Lair:6
    Orc (2/2) D:9             Elf (0/3) Orc:2        Vaults (0/5) D:14
 Depths (0/5) D:15        Gauntlet (visited)

Altars:
Ashenzari
Cheibriados
Dithmenos
Fedhas
Gozag
Hepliaklqana
Kikubaaqudgha
Makhleb
Nemelex Xobeh
Okawaru
Qazlal
Ru
Sif Muna
Trog
Uskayaw
Vehumet
Wu Jian
Xom
Yredelemnul
Zin
The Shining One
Beogh

Shops:
D:6 =   D:11 [}(   D:13 *   Orc:2 [(*:

Portals:
Hell: Lair:6

Annotations:
Spider:2 exclusion: downstairs
Spider:3 Mara
Spider:4 Kirke
Orc:2 RUPERT !


Innate Abilities, Weirdness & Mutations

You are small and have problems with some larger weapons.
You are carnivorous and can eat meat at any time.


Message History

The redback closely misses you.
The wolf spider hits you but does no damage.
The wolf spider bites you. The tarantella misses you.
Kirke mumbles some strange words.
Kirke summons a lindwurm!
The redback bites you but does no damage.
A redback comes into view.
The spark wasp stings you! The spark wasp shocks you!
* * * LOW HITPOINT WARNING * * *
The redback bites you but does no damage. x2
The wolf spider closely misses you. The wolf spider bites you.
* * * LOW HITPOINT WARNING * * *
You feel better. You block the redback's attack. The hog misses you.
Kirke hits you but does no damage. The spark wasp stings you.
* * * LOW HITPOINT WARNING * * *
The spark wasp shocks you!
* * * LOW HITPOINT WARNING * * *
The redback bites you but does no damage.
The redback bites you!
You die...

##<...# .%.#
#....# ...#
#....# ....#
#†..[#
##########s....
#.†..#
......^^.......
#...^#
......kss......
##^.?^
^.s...ysss...#
#....
#....hs@@$...#
#...^
......shs[####
#....
.....#...^#
...#...† ....
#...^#
......... ###
######
...^.....
#.........
####+++###


You could see Kirke, a spark wasp, a wolf spider, a lindwurm, 2 hogs, 2
tarantellas and 7 redbacks.

Vanquished Creatures
  Jorgrun (Swamp:3)
  Rupert (Orc:2)
  2 thorn hunters (Swamp:2)
  An azure jelly (Swamp:4)
  A fire giant (D:15)
  Donald (Orc:2)
  An orc warlord (Orc:2)
  An entropy weaver (Spider:2)
  3 dire elephants
  A minotaur (Gauntlet)
  Josephine (Lair:6)
  Harold (D:9)
  4 vault guards (D:14)
  3 ghost crabs (Swamp:2)
  2 shambling mangroves
  6 hydras
  2 ice dragons (Swamp:4)
  A death yak (Lair:6)
  8 two-headed ogres
  2 queen ants
  2 ogre magi
  5 alligators (Swamp:4)
  2 centaur warriors
  2 orc high priests (Orc:2)
  A deep elf knight (D:15)
  A sun demon (Lair:6)
  A death drake (Swamp:2)
  An unseen horror (D:11)
  A spriggan druid (Swamp:2)
  6 swamp dragons
  A wizard (Lair:6)
  An unseen horror (shapeshifter) (D:15)
  3 spectral hydras (Swamp:2)
  7 orc knights (Orc:2)
  2 phantasmal warriors (Swamp:2)
  A lindwurm (Lair:5)
  12 orb spiders
  A necromancer (Swamp:2)
  An ugly thing (D:13)
  2 deep elf magi (D:15)
  16 wolf spiders
  A manticore (D:14)
  4 orc sorcerers
  17 elephants (Lair:2)
  5 cyclopes
  A moth of wrath (Gauntlet)
  10 black mambas
  2 torpor snails (Spider:1)
  3 gargoyles (D:14)
  13 spiny frogs
  13 komodo dragons
  3 rime drakes
  2 demonic crawlers
  4 freezing wraiths (Swamp:4)
  A yaktaur (D:14)
  4 ice devils (Lair:6)
  4 swamp worm zombies (Swamp:2)
  2 minotaur zombies (Gauntlet)
  A tengu conjurer (D:14)
  A hellwing (Lair:6)
  4 trolls
  2 polar bears
  A red devil (Lair:6)
  20 jumping spiders
  3 tyrant leeches
  11 hornets
  A merfolk (D:10)
  Grinder (D:6)
  3 spectral swamp dragons (Swamp:2)
  3 alligator zombies (Swamp:2)
  20 blink frogs
  11 bog bodies
  6 slime creatures
  14 hippogriffs
  A meliai zombie (D:12)
  5 shadows
  34 redbacks
  4 water elementals (D:14)
  7 wraiths
  2 hogs (Spider:3)
  4 spriggans
  15 tarantellas
  4 wyverns
  6 basilisks
  2 tyrant leech zombies (Swamp:2)
  26 yaks
  A swamp worm simulacrum (Swamp:4)
  10 vampire mosquitoes
  3 hungry ghosts
  7 swamp worms
  3 wargs (Orc:2)
  7 insubstantial wisps
  5 hell hounds (Lair:6)
  11 soldier ants
  10 hydra simulacra (Swamp:4)
  4 spiny frog zombies (Swamp:2)
  19 water moccasins
  5 ice beasts
  38 orc warriors
  13 porcupines
  4 swamp drakes
  4 black bears
  2 phantoms
  3 sky beasts
  3 necrophages
  17 ogres
  6 wolves (Lair:4)
  5 centaurs
  23 crocodiles
  A big kobold (D:9)
  22 bullfrogs
  5 scorpions
  2 troll zombies
  4 wights
  5 electric eels
  3 howler monkeys
  7 crimson imps
  A quasit (D:10)
  3 centaur zombies
  15 orc priests
  A human zombie (D:9)
  3 jellies
  8 centaur skeletons
  4 bullfrog skeletons
  5 hounds
  11 iguanas
  Terence (D:3)
  21 orc wizards
  2 human skeletons (D:9)
  20 worker ants
  Natasha (twice) (D:3)
  A mummy (D:9)
  2 worker ant zombies
  Robin (D:4)
  11 gnolls
  2 howler monkey zombies (D:10)
  10 adders
  4 shadow imps
  2 swamp drake simulacra (Swamp:4)
  An ooze (D:1)
  A dart slug (D:4)
  5 leopard geckos
  97 orcs
  2 giant cockroaches (D:2)
  8 goblins
  8 hobgoblins
  11 jackals
  6 kobolds
  3 quokkas
  A ball python (D:2)
  2 bats (D:2)
  A frilled lizard (D:3)
  A leopard gecko zombie (D:7)
  2 orc skeletons (D:9)
  2 rats
  11 fungi
  6 plants
  A withered plant (Swamp:2)
964 creatures vanquished.

Vanquished Creatures (collateral kills)
  An elephant (Lair:2)
  2 redbacks (Spider:3)
  An orc warrior (Orc:1)
  3 killer bees (D:12)
7 creatures vanquished.

Vanquished Creatures (others)
  An ice dragon (Swamp:4)
  A vault guard (D:14)
  A tyrant leech (Swamp:4)
  A spriggan (Swamp:2)
  2 swamp worms
  4 insubstantial wisps (Swamp:2)
  A water moccasin (Lair:6)
  4 hydra simulacra (Swamp:4)
  3 killer bees (D:12)
  3 briar patches (Swamp:2)
  53 fungi
  15 plants
  4 toadstools (D:1)
  A withered plant (Swamp:2)
94 creatures vanquished.

Grand Total: 1065 creatures vanquished

Notes
Turn   | Place    | Note
-------+----------+-------------------------------------------
     0 | D:1      | Chiseanne the Kobold Hunter began the quest for the Orb.
     0 | D:1      | Reached XP level 1. HP: 12/12 MP: 1/1
    16 | D:1      | Reached skill level 5 in Crossbows
    16 | D:1      | Reached XP level 2. HP: 8/18 MP: 2/2
   322 | D:2      | Noticed a crimson imp
   326 | D:2      | Killed a crimson imp
   326 | D:2      | Reached skill level 1 in Armour
   326 | D:2      | Reached XP level 3. HP: 22/22 MP: 3/3
   340 | D:2      | Found a glowing golden altar of the Shining One.
   354 | D:2      | Reached XP level 4. HP: 22/27 MP: 4/4
   825 | D:3      | Found a shadowy altar of Dithmenos.
   860 | D:3      | Reached XP level 5. HP: 9/32 MP: 5/5
  1159 | D:3      | Noticed Natasha
  1173 | D:3      | Killed Natasha
  1177 | D:3      | Noticed Natasha
  1179 | D:3      | Killed Natasha
  1179 | D:3      | Reached skill level 1 in Throwing
  1335 | D:3      | Noticed Terence
  1345 | D:3      | Killed Terence
  1478 | D:3      | Found a stormy altar of Qazlal.
  1565 | D:4      | Reached XP level 6. HP: 37/37 MP: 6/6
  1723 | D:4      | Noticed an ogre
  1742 | D:4      | Killed an ogre
  1847 | D:4      | Identified the cursed +1 chain mail of Intuition {Regen+
                  | Str+8 Int-2 SInv}
  1849 | D:4      | Noticed an ice beast
  1872 | D:5      | Entered Level 5 of the Dungeon
  2124 | D:5      | Reached XP level 7. HP: 41/41 MP: 7/7
  2249 | D:4      | Noticed Robin
  2280 | D:4      | Killed Robin
  2778 | D:5      | Found a blossoming altar of Fedhas.
  2778 | D:5      | Found a radiant altar of Vehumet.
  2886 | D:6      | Got a fine leather armour
  3001 | D:6      | Reached XP level 8. HP: 48/48 MP: 8/8
  3021 | D:6      | Found a staircase to the Ecumenical Temple.
  3045 | Temple   | Entered the Ecumenical Temple
  3176 | Temple   | Became a worshipper of Warmaster Okawaru
  3599 | D:6      | Reached skill level 5 in Dodging
  3693 | D:6      | Reached * piety under Okawaru
  3787 | D:6      | Found Ilatig's Jewellery Emporium.
  3802 | D:6      | Bought a +1 ring of slaying for 84 gold pieces
  3847 | D:6      | Noticed Grinder
  3860 | D:6      | Killed Grinder
  3860 | D:6      | Reached XP level 9. HP: 53/53 MP: 9/9
  3922 | D:7      | Reached skill level 5 in Fighting
  4130 | D:7      | Reached skill level 5 in Armour
  4484 | D:8      | Reached ** piety under Okawaru
  4864 | D:7      | Found a sacrificial altar of Ru.
  4953 | D:7      | Reached XP level 10. HP: 56/60 MP: 10/10
  5043 | D:8      | Noticed an elephant
  5056 | D:8      | Reached skill level 5 in Throwing
  5225 | D:8      | Found a staircase to the Lair.
  5241 | D:8      | Reached skill level 10 in Crossbows
  5445 | D:7      | Reached *** piety under Okawaru
  6164 | D:9      | Noticed Harold
  6179 | D:9      | Gained mutation: You are partially covered in slimy green
                  | scales. (AC +2) [potion of mutation]
  6179 | D:9      | Gained mutation: You have a pair of small horns on your
                  | head. [potion of mutation]
  6207 | D:9      | Killed Harold
  6207 | D:9      | Received a gift from Okawaru
  6427 | D:9      | Received a gift from Okawaru
  6427 | D:9      | Reached XP level 11. HP: 62/65 MP: 13/13
  6478 | D:9      | Found a basalt altar of Yredelemnul.
  6740 | D:9      | Found a staircase to the Orcish Mines.
  7027 | D:10     | Entered Level 10 of the Dungeon
  7330 | D:10     | Found a shimmering altar of Xom.
  7330 | D:10     | Found a shimmering altar of Xom.
  7332 | D:10     | Found a shimmering altar of Xom.
  7350 | D:10     | Reached **** piety under Okawaru
  7653 | D:10     | Reached skill level 5 in Invocations
  7958 | D:10     | Found a shimmering altar of Xom.
  7958 | D:10     | Found a shimmering altar of Xom.
  7959 | D:10     | Found a shimmering altar of Xom.
  7960 | D:10     | Found a shimmering altar of Xom.
  7968 | D:10     | Found a shimmering altar of Xom.
  7968 | D:10     | Found a shimmering altar of Xom.
  8093 | D:11     | Received a gift from Okawaru
  8156 | D:11     | Found Dozopom's Gadget Shop.
  8189 | D:11     | Found a frozen archway.
  8224 | D:11     | Received a gift from Okawaru
  8400 | D:11     | Reached ***** piety under Okawaru
  8497 | D:11     | Received a gift from Okawaru
  8591 | D:11     | Found Alanehu's Weapon Emporium.
  8615 | D:11     | Noticed a two-headed ogre
  8634 | D:11     | Killed a two-headed ogre
  8634 | D:11     | Reached XP level 12. HP: 57/71 MP: 11/16
  8959 | D:11     | Found Nisiudeyje's Armour Boutique.
  8967 | D:11     | Noticed an unseen horror
  8978 | D:11     | Killed an unseen horror
  9120 | D:11     | Reached skill level 1 in Shields
  9363 | D:12     | Received a gift from Okawaru
  9806 | D:12     | Identified the +3 leather armour of a wizard's laboratory
                  | {rF+ MR++} (You found it on level 6 of the Dungeon)
  9988 | D:13     | Found Akuv's General Store.
  9991 | D:13     | Bought a scroll of teleportation for 36 gold pieces
  9991 | D:13     | Bought a scroll of teleportation for 36 gold pieces
  9991 | D:13     | Bought a scroll of identify for 24 gold pieces
  9991 | D:13     | Bought a scroll of magic mapping for 42 gold pieces
 10047 | D:13     | Noticed a centaur warrior
 10062 | D:13     | Killed a centaur warrior
 10062 | D:13     | Reached skill level 5 in Shields
 10257 | D:13     | Received a gift from Okawaru
 10752 | D:14     | Reached XP level 13. HP: 72/79 MP: 18/18
 11186 | D:14     | Noticed a vault guard
 11193 | D:14     | Received a gift from Okawaru
 11218 | D:14     | Killed a vault guard
 11218 | D:14     | Reached skill level 10 in Throwing
 11220 | D:14     | Noticed a vault guard
 11681 | D:14     | Killed a vault guard
 11681 | D:14     | Received a gift from Okawaru
 11692 | D:14     | Noticed a vault guard
 11725 | D:14     | Killed a vault guard
 11732 | D:14     | Received a gift from Okawaru
 11869 | D:14     | Found a gate to the Vaults.
 11869 | D:14     | Noticed a vault guard
 11869 | D:14     | Noticed a vault guard
 11930 | D:14     | Killed a vault guard
 12102 | D:14     | You fall into a shaft and drop 1 floor!
 12102 | D:15     | Entered Level 15 of the Dungeon
 12155 | D:15     | Received a gift from Okawaru
 12161 | D:15     | Got a bloodstained chain mail {god gift}
 12164 | D:15     | Identified the +5 chain mail of Fusofor {god gift, rElec
                  | Str-3 Dex-3 SInv} (Okawaru gifted it to you on level 15 of
                  | the Dungeon)
 12268 | D:15     | Noticed a centaur warrior
 12296 | D:15     | Killed a centaur warrior
 12455 | D:15     | Found a staircase to the Depths.
 12455 | D:15     | Noticed a fire giant
 12466 | D:15     | Killed a fire giant
 12499 | D:15     | Identified the ring of Equilibrium {MR+ Str+5 Int-4 SInv}
 12538 | D:15     | Reached XP level 14. HP: 68/86 MP: 21/21
 12558 | D:15     | Reached skill level 10 in Armour
 12558 | D:15     | Reached skill level 10 in Invocations
 12729 | D:15     | Lost mutation: You have a pair of small horns on your head.
                  | [potion of mutation]
 12729 | D:15     | Lost mutation: You are partially covered in slimy green
                  | scales. (AC +2) [potion of mutation]
 12729 | D:15     | Gained mutation: You are frail. (-10% HP) [potion of
                  | mutation]
 12729 | D:15     | Lost mutation: You are frail. (-10% HP) [potion of
                  | mutation]
 13412 | Orc:1    | Entered Level 1 of the Orcish Mines
 13722 | Orc:2    | Entered Level 2 of the Orcish Mines
 13722 | Orc:2    | Found a staircase to the Elven Halls.
 13722 | Orc:2    | Noticed Rupert
 13793 | Lair:1   | Entered Level 1 of the Lair of Beasts
 13951 | Lair:1   | Reached skill level 1 in Evocations
 14611 | Lair:2   | Reached skill level 5 in Evocations
 14815 | Lair:2   | Found a gate leading to a gauntlet.
 14824 | Gauntlet | Entered a Gauntlet
 14824 | Gauntlet | Found a transporter.
 14824 | Gauntlet | Found a runed translucent door.
 14824 | Gauntlet | Found a runed translucent door.
 14828 | Gauntlet | Found a transporter.
 14830 | Gauntlet | Found a transporter.
 14845 | Gauntlet | Found a transporter.
 14847 | Gauntlet | Found a transporter.
 14857 | Gauntlet | Found a transporter.
 14873 | Gauntlet | Found a transporter.
 14883 | Gauntlet | Found a transporter.
 14888 | Gauntlet | Found a transporter.
 14891 | Gauntlet | Found a transporter.
 14907 | Gauntlet | Found a transporter.
 14908 | Gauntlet | Found a transporter.
 14933 | Gauntlet | Found a transporter.
 14947 | Gauntlet | Found a transporter.
 14950 | Gauntlet | Found a runed translucent door.
 14996 | Gauntlet | Reached skill level 10 in Fighting
 15003 | Gauntlet | Received a gift from Okawaru
 15020 | Gauntlet | Reached skill level 1 in Short Blades
 15027 | Gauntlet | Got a pair of smoking boots
 15029 | Gauntlet | Identified the +0 pair of boots of Cocytus {rPois MR+
                  | Regen+ Str-3} (You found it in a Gauntlet)
 15091 | Gauntlet | Identified the Catalogue of Earthen Curses
 15221 | Gauntlet | Noticed a minotaur
 15233 | Gauntlet | Killed a minotaur
 15412 | Lair:2   | Found a hole to the Spider Nest.
 15417 | Lair:2   | Reached skill level 5 in Short Blades
 15570 | Lair:2   | Received a gift from Okawaru
 15655 | Lair:2   | Noticed a dire elephant
 15673 | Lair:2   | Killed a dire elephant
 16070 | Lair:3   | Reached XP level 15. HP: 75/92 MP: 22/22
 16349 | Lair:2   | Reached skill level 10 in Short Blades
 16467 | D:6      | Bought a +3 ring of slaying for 630 gold pieces
 16591 | Lair:2   | Received a gift from Okawaru
 16723 | Lair:3   | You fall into a shaft and drop 3 floors!
 16723 | Lair:6   | Entered Level 6 of the Lair of Beasts
 16789 | Lair:6   | Noticed Josephine
 16811 | Lair:6   | Killed Josephine
 16811 | Lair:6   | Received a gift from Okawaru
 16932 | Lair:6   | Received a gift from Okawaru
 17180 | Lair:6   | Received a gift from Okawaru
 17189 | Lair:6   | Found a burning altar of Makhleb.
 17269 | Lair:6   | Found a gateway to Hell.
 17341 | Lair:6   | Reached skill level 1 in Long Blades
 17451 | Lair:6   | Reached skill level 2 in Long Blades
 17573 | Lair:6   | Found a staircase to the Slime Pits.
 17743 | Lair:6   | Reached skill level 3 in Long Blades
 17769 | Lair:6   | Received a gift from Okawaru
 18016 | Lair:5   | Reached skill level 4 in Long Blades
 18285 | Lair:5   | Reached skill level 5 in Long Blades
 18637 | Lair:4   | Reached XP level 16. HP: 93/98 MP: 23/23
 18650 | Lair:4   | Received a gift from Okawaru
 18688 | Lair:4   | Reached skill level 6 in Long Blades
 19430 | Lair:3   | Received a gift from Okawaru
 19449 | Lair:3   | Found a staircase to the Swamp.
 19630 | Orc:1    | Found a roughly hewn altar of Beogh.
 19962 | Orc:2    | Found Fivualus's Antique Armour Boutique.
 19995 | Orc:2    | Reached skill level 7 in Long Blades
 20043 | Orc:2    | Found Govvu's Antique Weapon Emporium.
 20112 | Orc:2    | Killed Rupert
 20112 | Orc:2    | Received a gift from Okawaru
 20215 | Orc:2    | Reached skill level 8 in Long Blades
 20229 | Orc:2    | Found a roughly hewn altar of Beogh.
 20243 | Orc:2    | Received a gift from Okawaru
 20307 | Orc:2    | Found Byasary's General Store.
 20319 | Orc:2    | Bought a scroll of identify for 26 gold pieces
 20319 | Orc:2    | Bought a scroll of enchant armour for 97 gold pieces
 20319 | Orc:2    | Bought a potion of ambrosia for 104 gold pieces
 20407 | Orc:2    | Found a roughly hewn altar of Beogh.
 20500 | Orc:2    | Noticed Donald
 20541 | Orc:2    | Found Ceoza's Book Boutique.
 20577 | Orc:2    | Killed Donald
 20577 | Orc:2    | Reached skill level 9 in Long Blades
 20712 | Orc:2    | Received a gift from Okawaru
 21523 | Swamp:1  | Entered Level 1 of the Swamp
 21573 | Swamp:2  | Noticed a thorn hunter
 21593 | Swamp:2  | Killed a thorn hunter
 21789 | Swamp:2  | Reached skill level 10 in Long Blades
 22157 | Swamp:2  | Received a gift from Okawaru
 22514 | Swamp:3  | Noticed Jorgrun
 22518 | Swamp:3  | Reached XP level 17. HP: 84/101 MP: 22/24
 22619 | Swamp:3  | Killed Jorgrun
 22704 | Swamp:2  | Received a gift from Okawaru
 23008 | Swamp:2  | Reached skill level 11 in Long Blades
 23084 | Swamp:2  | Noticed a thorn hunter
 23094 | Swamp:2  | Killed a thorn hunter
 23199 | Swamp:4  | Entered Level 4 of the Swamp
 23872 | Swamp:4  | Reached skill level 12 in Long Blades
 23939 | Swamp:4  | Got a decaying rune of Zot
 24292 | Spider:1 | Entered Level 1 of the Spider Nest
 24458 | Spider:1 | Received a gift from Okawaru
 24812 | Spider:2 | Reached XP level 18. HP: 106/106 MP: 25/25
 24999 | Spider:4 | Entered Level 4 of the Spider Nest
 25022 | Spider:4 | Received a gift from Okawaru
 25201 | Spider:4 | Reached skill level 13 in Long Blades
 25365 | Spider:3 | Received a gift from Okawaru
 25366 | Spider:3 | Got a polished chain mail {god gift}
 25468 | Spider:3 | Noticed Mara
 25469 | Spider:3 | Noticed Chiseanne's illusion
 25757 | Spider:4 | Noticed Kirke
 25782 | Spider:4 | Slain by a redback

Levels and vault maps discovered:
D:1:      ldierk_walled_garden_2, layout_basic, columned_hall_lemuel
D:2:      layout_basic, nicolae_tso_carved_into_rock
D:3:      layout_loops_ring, nicolae_qazlal_eye_of_the_storm, first_ration,
          minmay_misc_feat_tiny, nicolae_dithmenos_through_a_glass_darkly,
          uniq_terence, uniq_natasha
D:4:      layout_basic, minmay_misc_feat_rows, uniq_robin
D:5:      layout_loops_ring, gammafunk_temple_overflow_wave
D:6:      layout_cave_pods, minmay_temple_entry_offerings,
          wad_floor_pattern_untrapped, minmay_shop_enchanted_jewellery,
          uniq_grinder
D:7:      layout_gridville, marbit_many_paths, serial_co_window_serial,
          co_window_corner_a, co_window_paths_a, co_window_paths_b,
          co_window_of_opportunity_a, co_window_corner_a, co_window_paths_a,
          co_window_broadway_c, co_window_broadway_b, co_window_corner_b,
          co_window_of_opportunity_c, co_window_broadway_c, co_window_corner_b,
          co_window_paths_e
D:8:      layout_loops_ring, lemuel_coloured_pillars_altar, david_lair_generic
D:9:      layout_long_grid, lemuel_mausoleum_altar_yredelemnul,
          hiddenorc2_lemuel, uniq_harold
D:10:     layout_stronghold, serial_column_ruins, column_ruins_hut,
          column_ruins_columns_dead_end, column_ruins_open_tiny,
          column_ruins_open_medium, column_ruins_open_tiny, column_ruins_grid_1,
          hangedman_fish_farm, xom_shifter_show
D:11:     layout_loops_corners, serial_shops, shop_fountains, shop, shop_statue,
          portal_ice_cave_entry_pillars_2, pond
D:12:     layout_irregular_city, serial_glass, glass_columns_b, glass_columns_a,
          glass_columns_a, glass_columns_a, evilmike_minifort
D:13:     layout_roguey, serial_shops, kennysheep_mini
D:14:     layout_roguey, grunt_vaults_entry_fortified, serial_bayou,
          serial_bayou_shore_b, serial_bayou_lake_a, serial_bayou_lagoon_b,
          serial_bayou_lagoon_a, minivault_26, minmay_misc_feat_nine_boxes,
          lemuel_another_geyser
D:15:     grunt_enter_depths_giant_problem, layout_loops_ring,
          wad_floor_pattern_1, corexii_hall_statues_i
Temple:   nicolae_temple_elliptical
Lair:1:   layout_loops_ring, serial_bayou_pond_a, st_stairs_5,
          grunt_megastairs_5, lemuel_fruit_tree
Lair:2:   mu_elephants_graveyard, layout_regular_city,
          nicolae_spider_entry_orb_guardian, gauntlet_entry_generic,
          chequers_serial_rivers_room_b
Lair:3:   beast_lair_carwin_large_4, layout_loops_ring, swamp_mist_pool,
          fungi_pond_lemuel, infiniplex_staircase_pool
Lair:4:   layout_cave_pods, grunt_megastairs_1, lemuel_fruit_fields
Lair:5:   cheibrodos_lair_overgrown_chateau, layout_cave_pods
Lair:6:   evil_forest, layout_regular_city, dpeg_slime_entry_corner,
          uniq_josephine
Swamp:1:  gammafunk_the_bubble [the_bubble_gammafunk_plus_minus],
          layout_basic_swamp, nicolae_swamp_treefoil
Swamp:2:  cheibrodos_swamp_mausoleum, layout_basic_swamp,
          evilmike_swamp_ruin_rubble_2
Swamp:3:  layout_falls_marsh, evilmike_swamp_ruin_rubble_1, uniq_jorgrun
Swamp:4:  swamp_icy, layout_basic_swamp
Spider:1: layout_spider_delve
Spider:2: layout_chambers
Spider:3: layout_chambers, minivault_29, uniq_mara
Spider:4: spider_rune_water, uniq_kirke
Orc:1:    layout_caves, nicolae_orc_lost_temple
Orc:2:    grunt_orc_gardens, layout_caves, grunt_orc_garden, grunt_orc_garden,
          grunt_orc_garden, grunt_orc_garden, hangedman_feature_mirror,
          uniq_rupert, uniq_donald

Skill      XL: |  1  2  3  4  5  6  7  8  9 10 11 12 13 14 15 16 17 18 |
---------------+-------------------------------------------------------+-----
Crossbows      | 5 6 7 8 9 10 | 10.3
Armour         | 1 2 3 4 5 6 8 9 10 11 | 11.0
Dodging        | 3 4 5 6 7 |  7.0
Fighting       | 3 4 5 6 7 8 9 10 | 10.5
Throwing       | 1 2 3 4 6 8 9 11 12 | 12.9
Invocations    | 3 6 7 9 10 | 10.3
Shields        | 5 6 8 |  8.9
Evocations     | 5 |  5.0
Short Blades   | 9 10 | 10.0
Long Blades    | 5 10 12 13 | 13.4
Stealth        | |  1.3

Action                   |  1- 3 |  4- 6 |  7- 9 | 10-12 | 13-15 | 16-18 || total
-------------------------+-------+-------+-------+-------+-------+-------++-------
Melee: Short sword       |    19 |    93 |     6 |   589 |   974 |    11 ||  1692
       Rapier            |       |       |    50 |   260 |       |       ||   310
       Quarterstaff      |       |       |    27 |    19 |       |       ||    46
       Headbutt          |       |       |       |   240 |    52 |       ||   292
       Punch             |       |       |       |    13 |       |       ||    13
       Scimitar          |       |       |       |       |   304 |  1259 ||  1563
       Dagger            |       |       |       |       |       |     7 ||     7
 Fire: Hand crossbow     |    12 |    80 |   203 |    54 |    50 |     1 ||   400
Throw: Boomerang         |       |       |    12 |   200 |   466 |   521 ||  1199
       Stone             |       |       |     6 |     2 |     7 |       ||    15
       Throwing net      |       |       |       |     2 |     3 |     1 ||     6
       Dart              |       |       |       |       |    20 |    18 ||    38
Invok: Heroism           |       |       |     3 |    33 |    59 |    37 ||   132
       Finesse           |       |       |       |     1 |    13 |    20 ||    34
Evoke: Wand              |       |       |       |     6 |    40 |    22 ||    68
       Sack of spiders   |       |       |       |       |     4 |     2 ||     6
  Use: Scroll            |       |     4 |    11 |    14 |    13 |    15 ||    57
       Potion            |       |     1 |     1 |     6 |     5 |     6 ||    19
 Stab: Held in net/web   |       |       |       |     1 |     1 |     1 ||     3
       Invisible         |       |       |       |       |       |     1 ||     1
       Confused          |       |       |       |       |       |     4 ||     4
  Eat: Chunk             |       |    12 |    14 |    36 |    25 |    26 ||   113
Armor: Scale mail        |     4 |    65 |       |       |       |       ||    69
       Chain mail        |       |       |    90 |   349 |   525 |   713 ||  1677
Dodge: Dodged            |    11 |   116 |   132 |   572 |   822 |   931 ||  2584
Block: Buckler           |       |       |       |   106 |   528 |   119 ||   753
       Shield            |       |       |       |       |       |   845 ||   845
       Reflection        |       |       |       |       |       |     9 ||     9
       Rpst.: Scimitar   |       |       |       |       |    62 |   182 ||   244

Table legend:
 A = Non-vault XP
 B = Vault XP
 C = Vault XP percentage of total XP
 D = Non-vault monster count
 E = Vault monster count
 F = Vault count percentage of total count
                 A         B        C        D         E       F
            +---------+---------+-------+---------+---------+-------
      Total |  139781 |   86729 |  38.3 |     674 |     286 |  29.8
            +---------+---------+-------+---------+---------+-------
        D:1 |      12 |       0 |   0.0 |       3 |       0 |   0.0
        D:2 |      88 |       0 |   0.0 |      21 |       0 |   0.0
        D:3 |      96 |      71 |  42.5 |       9 |       2 |  18.2
        D:4 |     186 |      34 |  15.5 |      11 |      11 |  50.0
        D:5 |     423 |       0 |   0.0 |       8 |       0 |   0.0
        D:6 |    1111 |     262 |  19.1 |      23 |       1 |   4.2
        D:7 |    1188 |      41 |   3.3 |      22 |       1 |   4.3
        D:8 |     788 |     503 |  39.0 |      10 |       3 |  23.1
        D:9 |    1606 |    2247 |  58.3 |      24 |      45 |  65.2
       D:10 |    2389 |     274 |  10.3 |      26 |       1 |   3.7
       D:11 |    6105 |     990 |  14.0 |      41 |       6 |  12.8
       D:12 |    2155 |       0 |   0.0 |      22 |       0 |   0.0
       D:13 |    4801 |       0 |   0.0 |      21 |       0 |   0.0
       D:14 |    4999 |    5972 |  54.4 |      19 |       9 |  32.1
       D:15 |   13131 |    1835 |  12.3 |      28 |       1 |   3.4
     Lair:1 |    1704 |    1176 |  40.8 |       8 |       6 |  42.9
     Lair:2 |    1646 |   10200 |  86.1 |      14 |      21 |  60.0
     Lair:3 |    2446 |    2724 |  52.7 |      15 |      15 |  50.0
     Lair:4 |    6769 |      90 |   1.3 |      31 |       1 |   3.1
     Lair:5 |    4580 |    4024 |  46.8 |      14 |      16 |  53.3
     Lair:6 |    7617 |   12814 |  62.7 |      28 |      29 |  50.9
    Swamp:1 |    2473 |       0 |   0.0 |       7 |       0 |   0.0
    Swamp:2 |   15849 |   11110 |  41.2 |      39 |      34 |  46.6
    Swamp:3 |     860 |    2895 |  77.1 |       3 |       1 |  25.0
    Swamp:4 |   15475 |    6797 |  30.5 |      32 |      23 |  41.8
   Spider:1 |    7504 |       0 |   0.0 |      22 |       0 |   0.0
   Spider:2 |   16139 |       0 |   0.0 |      44 |       0 |   0.0
   Spider:3 |    6329 |    2615 |  29.2 |      20 |      17 |  45.9
   Spider:4 |    4816 |       0 |   0.0 |      16 |       0 |   0.0
      Orc:1 |    2421 |       0 |   0.0 |      44 |       0 |   0.0
      Orc:2 |    4075 |   14681 |  78.3 |      49 |      29 |  37.2
   Gauntlet |       0 |    5374 | 100.0 |       0 |      14 | 100.0
            +---------+---------+-------+---------+---------+-------
